 Dungeon Crawl Stone Soup version 0.18-a0-1285-g60d00e1 (webtiles) character file.

205 Gagarin the Skirmisher (level 5, -2/70 HPs)
             Began as a Hill Orc Fighter on Feb 8, 2016.
             Slain by a slave (5 damage)
             ... led by Pikel
             ... on level 4 of the Dungeon.
             The game lasted 00:10:40 (2028 turns).

Gagarin the Skirmisher (Hill Orc Fighter)           Turns: 2028, Time: 00:10:40

Health: -2/70      AC: 22    Str: 20    XL:     5   Next: 83%
Magic:  5/5        EV:  2    Int:  8    God:
Gold:   126        SH:  9    Dex: 10    Spells: 0 memorised, 4 levels left

rFire  . . .     SeeInvis .     o - +0 spear (freeze)
rCold  . . .     Gourm    .     (armour currently unavailable)
rNeg   + + +     Faith    .     c - +0 shield
rPois  +         Spirit   .     (helmet currently unavailable)
rElec  .         Dismiss  .     (cloak currently unavailable)
rCorr  .         Reflect  .     (gloves currently unavailable)
SustAt .         Harm     .     (boots currently unavailable)
MR     .....     NoTele   +     (no amulet)
Stlth  +.........               (no ring)
                                (no ring)

@: tree-form, not resistant to hostile enchantments, very unstealthy
A: no striking features
a: no special abilities


You were on level 4 of the Dungeon.
You were not hungry.
You were a tree.
You visited 1 branch of the dungeon, and saw 4 of its levels.

You collected 126 gold pieces.

Inventory:

Hand Weapons
 a - a +0 war axe
 o - a +0 spear of freezing (weapon)
 q - a +0 dagger of venom
 w - a +0 blowgun
Missiles
 x - 37 poisoned needles
 A - 2 throwing nets (quivered)
Armour
 b - a +0 scale mail (melded)
 c - a +0 shield (worn)
 n - a +0 pair of boots (melded)
 u - a +0 ring mail of cold resistance
Jewellery
 m - a cursed -3 ring of protection {unknown}
Scrolls
 g - 3 scrolls of recharging {unknown}
 k - a scroll of teleportation {unknown}
 p - a scroll of immolation {unknown}
 r - a scroll of noise {unknown}
 t - 4 scrolls of identify {unknown}
 v - 2 scrolls of random uselessness {unknown}
 y - a scroll of blinking {unknown}
 C - a scroll of enchant weapon {unknown}
Potions
 d - a potion of might
 e - a potion of lignification
 j - a potion of curing {unknown}
 l - a potion of degeneration {unknown}
 s - 2 potions of magic
 B - a potion of brilliance {unknown}
 D - a potion of agility {unknown}
Comestibles
 f - 5 bread rations
 h - 2 meat rations
 i - 8 chunks of flesh
 z - a beef jerky


   Skills:
 + Level 4.7 Fighting
 + Level 3.3(3.4) Axes
 + Level 0.9(2.0) Polearms
 + Level 0.5 Throwing
 + Level 4.4 Armour
 + Level 1.3 Dodging
 + Level 0.3 Stealth
 + Level 4.3 Shields


You had 4 spell levels left.
You didn't know any spells.

Dungeon Overview and Level Annotations

Branches:
Dungeon (4/15)
 Temple: D:4-7

Altars:

Annotations:
D:4 Edmund, Pikel


Message History

* * * LOW HITPOINT WARNING * * *
The slave hits you.
* * * LOW HITPOINT WARNING * * *
You hit Pikel but do no damage.
Pikel is moderately wounded.
You block the slave's attack. Pikel hits you but does no damage.
The slave hits you.
* * * LOW HITPOINT WARNING * * *
You hit Pikel. You freeze Pikel.
Pikel is heavily wounded.
The slave hits you but does no damage. Pikel hits you but does no damage.
The slave hits you but does no damage. x2
You barely miss Pikel.
Pikel is heavily wounded.
Pikel hits you but does no damage. The slave hits you but does no damage.
You block the slave's attack.
You hit Pikel. You freeze Pikel.
Pikel is heavily wounded.
Pikel hits you but does no damage. The slave hits you.
You die...

#.##........###
#...)......##
##########..#.......#
#...........####..###
.....######.# #....#
#...## #.# #....#
##### #.. #....# ##..
#ppp.# . ##### #.
#♣#.## ##.$. ....#
#.##K#..#.(...(
###...
#..@p†......... #
..........###### .#
...........# ...
##......!...# ...
.......$...... #...
.#..........#.. #....
#.>........##..


You could see Edmund, Pikel and 4 slaves.

Vanquished Creatures
  An ogre (D:4)
  Ijyb (D:2)
  A worker ant (D:4)
  An adder (D:3)
  An ooze (D:1)
  4 giant geckos
  3 orcs
  4 giant cockroaches
  10 goblins
  3 hobgoblins
  4 jackals (D:4)
  9 kobolds
  2 quokkas
  5 bats
  5 giant newts
  2 rats
56 creatures vanquished.

Notes
Turn   | Place    | Note
--------------------------------------------------------------
     0 | D:1      | Gagarin the Hill Orc Fighter began the quest for the Orb.
     0 | D:1      | Reached XP level 1. HP: 19/19 MP: 1/1
   102 | D:1      | Reached XP level 2. HP: 22/27 MP: 2/2
   172 | D:1      | Reached skill level 4 in Fighting
   632 | D:2      | Noticed Ijyb
   676 | D:2      | Killed Ijyb
   676 | D:2      | Reached XP level 3. HP: 19/34 MP: 3/3
   838 | D:2      | Reached XP level 4. HP: 39/41 MP: 4/4
  1923 | D:4      | Noticed an ogre
  1949 | D:4      | Killed an ogre
  1949 | D:4      | Reached skill level 1 in Dodging
  1949 | D:4      | Reached XP level 5. HP: 44/47 MP: 5/5
  1982 | D:4      | Noticed a slave
  1989 | D:4      | Noticed a slave
  1990 | D:4      | Noticed a slave
  1994 | D:4      | Noticed Pikel
  1995 | D:4      | Noticed a slave
  1998 | D:4      | Noticed Edmund
  2025 | D:4      | HP: 3/70 [slave[Pikel] (2)]
  2028 | D:4      | Slain by a slave

Vault maps used:
D:1:      minmay_arrival_doors, st_stairs_8, minivault_23
D:2:      uniq_iyjb
D:3:      kennysheep_six_static_rooms, first_bread
D:4:      st_stairs_11, uniq_pikel, uniq_sigmund, uniq_edmund

Action                   |  1- 3 |  4- 6 || total
-------------------------+-------+-------++-------
Melee: War axe           |    35 |       ||    35
       Spear             |    97 |   157 ||   254
 Fire: Blowgun           |       |     3 ||     3
  Use: Potion            |       |     2 ||     2
  Eat: Chunk             |       |     4 ||     4
